 Dungeon Crawl Stone Soup version 0.23.2 (webtiles) character file.

Game seed: 14071070243879440187

1367 Borgoz the Sneak (level 8, -3/63 (67) HPs)
             Began as a Ghoul Assassin on Apr 5, 2019.
             Was a Follower of Ashenzari.
             Slain by an ancient zyme (11 damage)
             ... on level 2 of the Abyss.
             The game lasted 00:13:36 (6628 turns).

Borgoz the Sneak (Ghoul Assassin)                   Turns: 6628, Time: 00:13:36

HP:   -3/63 (67)    AC:  8    Str: 15    XL:     8   Next: 65%
MP:   7/7           EV: 11    Int:  7    God:    Ashenzari [*.....]
Gold: 61            SH:  0    Dex: 11    Spells: 7/7 levels left

rFire    . . .     SeeInvis .   a - +3 dagger
rCold    + . .     Gourm    .   (no shield)
rNeg     + + +     Faith    .   l - +0 scale mail
rPois    ∞         Spirit   .   (no helmet)
rElec    .         Reflect  .   d - +0 cloak
rCorr    .         Harm     .   (no gloves)
MR       .....                  (no boots)
Stlth    ++........             (no amulet)
HPRegen  0.00/turn              (no ring)
MPRegen  0.10/turn              (no ring)

@: rotting
A: rotting body, claws 1, carnivore, cold resistance 1, negative energy
resistance 3, inhibited regeneration, torment resistance, unbreathing
a: Curse Item, Scrying, Renounce Religion


You were on level 2 of the Abyss.
You worshipped Ashenzari.
Ashenzari was aware of your devotion.
You were hungry.

You visited 2 branches of the dungeon, and saw 7 of its levels.
You visited the Abyss 1 time.
You also visited: Ossuary.

You collected 187 gold pieces.
You spent 126 gold pieces at shops.

Inventory:

Hand Weapons
 a - a +3 dagger (weapon)
 b - a +0 blowgun
Missiles
 e - 23 poisoned needles
 f - 2 curare-tipped needles
 y - 5 tomahawks (quivered)
Armour
 d - a +0 cloak (worn)
 l - a +0 scale mail (worn)
Jewellery
 p - an uncursed amulet of faith
 s - an uncursed ring of magical power
Scrolls
 c - 2 scrolls of random uselessness
 h - 3 scrolls of amnesia
 i - 2 scrolls of blinking {unknown}
 k - 3 scrolls of magic mapping
 m - a scroll of acquirement {unknown}
 n - 2 scrolls of brand weapon {unknown}
 o - 4 scrolls of remove curse
 r - a scroll of fog {unknown}
 t - a scroll of enchant weapon
 x - a scroll of fear {unknown}
Potions
 j - a potion of flight {unknown}
 q - a potion of might
 u - a potion of agility
 v - 2 potions of curing
 w - 2 potions of brilliance {unknown}
 z - a potion of resistance {unknown}
 A - a potion of heal wounds
Comestibles
 g - 8 rations


   Skills:
 + Level 4.3 Fighting
 * Level 5.0 Short Blades
 - Level 1.7 Throwing
 * Level 4.5 Armour
 * Level 4.6 Dodging
 + Level 6.1 Stealth


You had 7 spell levels left.
You didn't know any spells.
Your spell library was empty.

Dungeon Overview and Level Annotations

Branches:
Dungeon (6/15)             Temple (1/1) D:5

Altars:
Ashenzari
Dithmenos
Elyvilon
Hepliaklqana
Nemelex Xobeh
Okawaru
Qazlal
Ru
Sif Muna
Vehumet
Wu Jian
Yredelemnul
Zin

Shops:
D:4 !

Annotations:
D:3 3 runed translucent doors, Karim's ghost, amateur TeAK


Innate Abilities, Weirdness & Mutations

Your body is rotting away.
You thrive on raw meat.
You are immune to poison.
You have sharp fingernails.
You are carnivorous and can eat meat at any time.
Your flesh is cold resistant. (rC+)
You are immune to negative energy. (rN+++)
You do not regenerate when monsters are visible.
You are immune to unholy pain and torment.
You can survive without breathing.


Message History

The neqoxec shouts!
A starcursed mass splits.
The ancient zyme hits you. The ancient zyme barely misses you.
The large abomination moves out of view.
Found a burning altar of Makhleb.
As you read the scroll labeled WAAFREXIDO, it crumbles to dust.
You feel momentarily disoriented.
It was a scroll of magic mapping.
A starcursed mass splits.
The ancient zyme closely misses you. The ancient zyme hits you.
As you read the scroll labeled CENOSY EKLEWA, it crumbles to dust.
You experience a momentary feeling of inescapable doom!
It was a scroll of random uselessness.
The ancient zyme hits you. x2
A starcursed mass splits.
As you read the scroll labeled AXEKKEA NITEIP, it crumbles to dust.
It is a scroll of enchant weapon.
Your +2 dagger glows red for a moment.
A chorus of shrieks assaults your mind.
* * * LOW HITPOINT WARNING * * *
The ancient zyme hits you!
You die...

#. # #.. #.
#. ##X# ##..
#..## .#XX
.... ......
..#.....
..X.#..#..##
#..#...#
#..@.#
#_..X###x##
## ..#
#..####.###
#
#.#.#......#
#..#.§.#...
#.# .
#.####....#
# #.##..
#..#.......
. ### ####
###.##. ..
≈! ....
......


You could see 3 starcursed masses, a tentacled starspawn, an ancient zyme and a
large abomination.

Vanquished Creatures
  A wraith (Ossuary)
  A sky beast (D:5)
  A phantom (D:4)
  3 ogres (D:5)
  A centaur (D:5)
  3 scorpions
  A crimson imp (D:6)
  2 jellies (D:5)
  4 hounds
  An orc wizard (D:3)
  Jessica (D:3)
  4 worker ants
  A mummy (Ossuary)
  6 adders
  A gnoll (D:3)
  2 oozes
  An adder skeleton (D:5)
  A worm (D:3)
  3 dart slugs
  6 leopard geckos
  7 orcs
  6 bats
  2 giant cockroaches (D:1)
  11 hobgoblins
  3 jackals (D:5)
  2 quokkas
  A ball python (D:5)
  6 frilled lizards
  4 gnoll skeletons (Ossuary)
  6 goblins
  2 goblin zombies (D:5)
  A jackal skeleton (D:5)
  6 kobolds
  6 kobold skeletons (Ossuary)
  15 orc skeletons (Ossuary)
  4 rats
126 creatures vanquished.

Notes
Turn   | Place    | Note
-------+----------+-------------------------------------------
     0 | D:1      | Borgoz the Ghoul Assassin began the quest for the Orb.
     0 | D:1      | Reached XP level 1. HP: 17/17 MP: 0/0
    28 | D:1      | Reached skill level 1 in Dodging
   192 | D:1      | Reached XP level 2. HP: 24/24 MP: 1/1
   345 | D:1      | Reached skill level 1 in Armour
   443 | D:1      | Reached XP level 3. HP: 26/30 MP: 2/2
   944 | D:2      | Found a shattered altar of Ashenzari.
   965 | D:2      | Became a worshipper of Ashenzari the Shackled
  1242 | D:2      | Reached XP level 4. HP: 33/37 MP: 3/3
  1514 | D:2      | Found a sacrificial altar of Ru.
  1674 | D:3      | Reached XP level 5. HP: 30/42 MP: 4/4
  2254 | D:3      | Found a runed translucent gate.
  2258 | D:3      | Found a runed translucent gate.
  2265 | D:3      | Found a runed translucent gate.
  2266 | D:3      | Noticed Karim's ghost (amateur TeAK)
  2271 | D:3      | Reached * piety under Ashenzari
  2469 | D:3      | Noticed Jessica
  2483 | D:3      | Killed Jessica
  2483 | D:3      | Reached skill level 5 in Stealth
  2483 | D:3      | Reached XP level 6. HP: 40/51 MP: 5/5
  3200 | D:4      | Found a sparkling altar of Nemelex Xobeh.
  3251 | D:4      | Noticed a phantom
  3299 | D:4      | Killed a phantom
  3343 | D:5      | Entered Level 5 of the Dungeon
  3391 | D:5      | Found a sand-covered staircase.
  3398 | Ossuary  | Entered an ossuary
  3398 | Ossuary  | Noticed a wraith
  3398 | Ossuary  | Noticed a wraith
  3398 | Ossuary  | Noticed a wraith
  3992 | Ossuary  | Noticed a wraith
  4006 | Ossuary  | Killed a wraith
  4006 | Ossuary  | Reached XP level 7. HP: 21/57 MP: 6/6
  4721 | D:5      | Found a staircase to the Ecumenical Temple.
  4737 | Temple   | Entered the Ecumenical Temple
  4959 | D:5      | Reached XP level 8. HP: 47/66 MP: 7/7
  5340 | D:5      | Reached skill level 6 in Stealth
  5806 | D:5      | HP: 2/66 [acid (4)]
  6154 | D:4      | Found Comisch's Distillery.
  6160 | D:4      | Bought a potion of might for 56 gold pieces
  6160 | D:4      | Bought a potion of heal wounds for 70 gold pieces
  6201 | D:4      | Reached skill level 5 in Short Blades
  6552 | D:4      | Cast into level 2 of the Abyss (gnoll)
  6555 | Abyss:2  | Found a corrupted altar of Lugonu.
  6565 | Abyss:2  | Noticed an ancient zyme
  6624 | Abyss:2  | Noticed a starcursed mass
  6625 | Abyss:2  | Found a burning altar of Makhleb.
  6625 | Abyss:2  | Noticed a large abomination
  6625 | Abyss:2  | Noticed a tentacled starspawn
  6628 | Abyss:2  | Slain by an ancient zyme

Skill      XL: |  1  2  3  4  5  6  7  8 |
---------------+-------------------------+-----
Dodging        | 1 2 3 4 |  4.6
Short Blades   | 2 3 4 5 |  5.0
Armour         | 1 2 3 4 |  4.5
Fighting       | 3 4 |  4.3
Stealth        | 5 6 |  6.1
Throwing       | |  1.7

Action                   |  1- 3 |  4- 6 |  7- 9 || total
-------------------------+-------+-------+-------++-------
Melee: Dagger            |   125 |   369 |   309 ||   803
  Use: Potion            |       |     6 |     6 ||    12
       Scroll            |       |     4 |     5 ||     9
 Stab: Sleeping          |     1 |       |     3 ||     4
       Invisible         |       |       |     2 ||     2
  Eat: Chunk             |     2 |     9 |     9 ||    20
Armor: Chain mail        |    89 |   138 |       ||   227
       Scale mail        |       |    49 |    74 ||   123
Dodge: Dodged            |    47 |   140 |   131 ||   318
